cohdb
Replays
Latest Replays
All Replays
Popular Replays
Top Player Replays
Match Explorer
How It Works
Community
CoH3 Stats
Reddit
Sign in to upload your games and track your stats! →
Sign in with Steam
Match 47271269
Unlisted
Match 47271269
Overview
Messages
Build Orders
End
Scout Squad
Scout Squad
Construct Weapon Support Center
M1919 Machine Gun Team
M1919 Machine Gun Team
Mechanized Support Center
Bazooka Squad
Construct Motor Pool
Scout Squad
Construct Medical Station
Construct Medical Station
M3 75 mm Gun Motor Carriage
Selects Heavy Weapons
Selects M2HB .50cal Heavy Machine Gun
M8 Greyhound Armored Car
Selects Assault Carriers
Selects Halftrack Strongpoints
M1 Anti-tank Gun Team
Engineer Squad
M8 Greyhound Armored Car
M4A1 76mm Conversion
Engineer Squad
Engineer Squad
Construct Tank Depot
M1 Anti-tank Gun Team
M4A1(76) Sherman Medium Tank
Selects Rapid Reposition
Selects Black Dragon Artillery Barrage
♠♣ Kvothe ♠♣
Papa Chez
0
0
Comments
sign in to comment!
No comments posted yet!